Match 42319866
Unlisted

Match 42319866
End
Panzerpioneer Squad
250 Light Carrier
Panzerpioneer Squad
Panzerpioneer Squad
Construct Light Support Kompanie
Combat Half-tracks
MG34 Team
Selects Panzerjäger Kommand Battlegroup
Selects Panzerjäger Kommand Battlegroup
Selects GrB 39 Grenade Launcher Requisition
Construct Mechanized Kompanie
Panzerjäger Mechanized Group
Vehicle Survival Package
8 Rad Armored Car
Veteran Squad Leaders
8 Rad Armored Car
Marder III Tank Destroyer
254 Reconnaissance Tractor
Selects Crew Shock Tactics
8 Rad Armored Car
Tungsten Core Ammunition
Panzerjäger Mechanized Group
Construct Panzerarmee Kommand
Advanced Field Repairs
Selects Anti-tank Overwatch
Anti-tank Overwatch
Kanade
rickysheuS03
hooveric
Lation_kasler
Mochi_flamer
Achilles Gaming @ YouTube
[DeanOfBao]hokkskyc
Krötentöten
0
0

Comments sign in to comment!

No comments posted yet!